Cogmind - Beta 13 @@@ ROGUE MODE // 2024.04.01 @ 19:54:58 Player: SuperDrops Result: Destroyed by D-53 Grenadier with Mini Grenade Launcher Performance ------------- Evolutions (0) 0 Regions Visited (2) 400 Robots Destroyed (15) 75 Value Destroyed (229) 229 Prototype IDs (0) 0 Alien Tech Used (0) 0 Bonus (-12) -12 TOTAL SCORE: 692 Bonus ------- Friendly Fire -12 Cogmind --------- Core Integrity 0/250 Matter 270/300 Energy 100/100 System Corruption 0% Temperature Cool (0) Movement Rolling (95) Ox1 Location -10/Mines Parts ------- > --- POWER (1) -------- (None) > --- PROPULSION (2) --- Wheel > --- UTILITY (2) ------ Large Storage Unit Signal Interpreter > --- WEAPON (2) ------- (None) > --- INVENTORY (15) --- Light Treads Aluminum Leg Aluminum Leg Large Matter Pod (32) Sensor Array Mining Laser Hammer Peak State ------------ > --- POWER ------------ Ion Engine > --- PROPULSION ------- Light Treads Light Treads > --- UTILITY ---------- Small Storage Unit Signal Interpreter > --- WEAPON ----------- Assault Rifle Light Assault Rifle > --- INVENTORY -------- Aluminum Leg Aluminum Leg Wheel Compact Wheel Mining Laser Hammer [Rating: 7] Favorites ----------- Power Ion Engine Engine Ion Engine Propulsion Light Treads Treads Light Treads Wheel Wheel Utility Small Storage Unit Storage Small Storage Unit Processor Signal Interpreter Weapon Light Assault Rifle Ballistic Gun Light Assault Rifle Launcher Grenade Launcher Build | -11 -10 -10 ------- Run | Yrd Mat Min Slots Evolved . | . . . Power . | . . . Propulsion . | . . . Utility . | . . . Weapon . | . . . Parts Attached 16 | 6 7 3 Power 2 | 1 1 . Engine 2 | 1 1 . Core . | . . . Reactor . | . . . Propulsion 5 | 2 1 2 Treads 3 | 2 1 . Leg . | . . . Wheel 2 | . . 2 Hover . | . . . Flight . | . . . Utility 3 | 1 2 . Device . | . . . Storage 2 | 1 1 . Processor 1 | . 1 . Hackware . | . . . Protection . | . . . Artifact . | . . . Weapon 6 | 2 3 1 Energy Gun . | . . . Energy Cannon . | . . . Ballistic Gun 5 | 2 3 . Ballistic Cannon . | . . . Launcher 1 | . . 1 Special Weapon . | . . . Impact Weapon . | . . . Slashing Weapon . | . . . Piercing Weapon . | . . . Special Melee Weapon . | . . . Unidentified Prototypes . | . . . Parts Lost 8 | . 2 6 Power 2 | . 1 1 Propulsion 2 | . . 2 Utility . | . . . Weapon 4 | . 1 3 Highest Loss Streak 3 | . 1 3 To Critical Strikes . | . . . Average Slot Usage (%) 84 | . 85 70 Engine 10 | . 11 2 Treads 21 | . 24 1 Wheel 2 | . . 21 Storage 14 | . 14 14 Processor 8 | . 7 14 Ballistic Gun 26 | . 27 14 Naked Turns . | . . . Heaviest Build 28 | 11 28 21 Greatest Support 40 | 40 40 26 Greatest Overweight (x) 1 | . 1 . Average Overweight (x) . | . . . Largest Inventory Capacity 15 | 8 15 15 Average Capacity 10 | 6 10 15 Most Carried 10 | 6 10 10 Average Carried 7 | 3 8 8 Final Capacity 15 | 8 15 15 Final Carried 10 | 6 10 7 Class Distribution -------------------- 100% | Mutant Dominant Class ---------------- Mutant | -10/Materials Mutant | -10/Mines Resources | -11 -10 -10 ----------- Run | Yrd Mat Min Matter Collected 549 | 254 204 91 Remotely . | . . . Salvage Created 339 | 22 208 109 Parts 33 | 4 25 4 Haulers Intercepted . | . . . Recyclers Shooed 1 | . 1 . Parts Field Recycled . | . . . Retrieved Matter . | . . . Parts Self-Destructed . | . . . Prevented . | . . . Kills | -11 -10 -10 ------- Run | Yrd Mat Min Combat Hostiles Destroyed 16 | . 9 7 Guns 11 | . 9 2 AOE 5 | . . 5 Classes Destroyed 5 | 1 3 1 Worker 2 | 1 1 . Watcher 2 | . 2 . Swarmer 8 | . 8 . Grunt 3 | . 1 2 Assembled 5 | . . 5 Best Kill Streak 5 | 1 3 5 Combat Bots Only 5 | . 3 5 Max Kills in Single Turn 3 | 1 1 3 Gunslinging . | . . . Exploded 3 | . . 3 Melee . | . . . Uniques/NPCs Destroyed . | . . . Combat | -11 -10 -10 -------- Run | Yrd Mat Min Hostile Shots Fired 88 | . 51 37 Missed 21 | . 13 8 Damage Taken 1118 | . 548 570 Core 274 | . 121 153 Absorbed by Shields . | . . . Core Remaining (%) 100 | 100 . . Volleys Fired 60 | 1 39 20 Largest 2 | 2 2 2 Hottest 50 | 40 40 50 Shots Fired 111 | 2 78 31 Gun 108 | 2 78 28 Cannon . | . . . Launcher 3 | . . 3 Special . | . . . Kinetic 108 | 2 78 28 Thermal . | . . . Explosive 3 | . . 3 Electromagnetic . | . . . Robot Hit Streak 8 | 1 8 6 Robot Miss Streak 8 | . 8 2 Penetration Max . | . . . Secondary Targets 1 | . 1 . Max Gunslinging Chain 1 | . 1 . Shots Hit Robots 53 | 1 35 17 Core Hits 49 | 1 18 30 Critical Kills 1 | . 1 . Critical Parts Destroyed . | . . . Critical Strikes 1 | . 1 . Destroy 1 | . 1 . Melee Attacks . | . . . Impact . | . . . Slashing . | . . . Piercing . | . . . Sneak Attacks . | . . . Combat Hostiles . | . . . Follow-up Attacks . | . . . Damage Inflicted 1164 | 12 400 752 Guns 590 | 12 395 183 Cannons . | . . . Explosions 561 | . . 561 Melee . | . . . Ramming 13 | . 5 8 Kinetic 590 | 12 395 183 Thermal . | . . . Explosive 561 | . . 561 Electromagnetic . | . . . Impact . | . . . Slashing . | . . . Piercing . | . . . Highest Corruption . | . . . Average Corruption . | . . . Corruption Purged . | . . . Corruption Blocked . | . . . Overload Shots . | . . . Overflow Damage 2 | . . 2 Projectiles . | . . . Explosions 2 | . . 2 Melee . | . . . Knockbacks . | . . . Impact . | . . . Kinetic . | . . . Secondary . | . . . Self-Inflicted Damage 4 | . . 4 Shots . | . . . Rammed 2 | . 1 1 Targets Rammed 2 | . 1 1 Kicked . | . . . Crushed . | . . . Highest Temperature 37 | . 6 37 Average Temperature 14 | . 3 17 Received Heat Transfer 216 | . 36 180 Siege Activations . | . . . Robots Corrupted . | . . . Combat Hostiles . | . . . Parts Fried . | . . . Impact Corruptions . | . . . Robots Melted . | . . . Combat Hostiles . | . . . Parts Melted . | . . . Heat Transferred . | . . . Parts Sabotaged . | . . . Parts Stolen . | . . . Parts Stripped . | . . . Power Chain Reactions . | . . . Alert | -11 -10 -10 ------- Run | Yrd Mat Min Peak Influence 143 | 5 143 56 Initial 3 | . 3 . Average 22 | . 23 33 Maximum Alert Level . | . . . Low Security (%) 100 | 100 100 100 Level 1 . | . . . Level 2 . | . . . Level 3 . | . . . Level 4 . | . . . Level 5 . | . . . High Security . | . . . Max Security . | . . . Squads Dispatched . | . . . Investigation . | . . . Extermination . | . . . Reinforcement . | . . . Assault . | . . . Garrison . | . . . Intercept . | . . . Searches Triggered . | . . . Construction Impeded . | . . . Haulers Reinforced . | . . . Active Scanning Responses . | . . . Cargo Convoy Interrupts . | . . . Stealth | -11 -10 -10 --------- Run | Yrd Mat Min Distress Signals 2 | . 2 . Communications Jammed . | . . . Distress Signals . | . . . Times Spotted 36 | . 16 20 Peak Tracking Total 15 | . 5 15 Tactical Retreats 1 | . 1 . Traps | -11 -10 -10 ------- Run | Yrd Mat Min Traps Triggered 2 | . 2 . Indirectly . | . . . Trap Hack Attempts . | . . . Triggered . | . . . Disarmed . | . . . Reprogrammed . | . . . Reused . | . . . Traps Extracted . | . . . Installed . | . . . Triggered . | . . . Machines | -11 -10 -10 ---------- Run | Yrd Mat Min Machines Disabled . | . . . Max in Single Turn . | . . . Machines Repaired . | . . . Machines Dismantled . | . . . Machines Sabotaged . | . . . Overloaded Fab Kills . | . . . Hacking | -11 -10 -10 --------- Run | Yrd Mat Min Machines Accessed . | . . . Terminals . | . . . Fabricators . | . . . Repair Stations . | . . . Recycling Units . | . . . Scanalyzers . | . . . Garrison Access . | . . . Total Hacks . | . . . Successful . | . . . Failed . | . . . Catastrophic . | . . . Database Lockouts . | . . . Manual . | . . . Terminals . | . . . Fabricators . | . . . Repair Stations . | . . . Recycling Units . | . . . Scanalyzers . | . . . Garrison Access . | . . . Terminal Hacks . | . . . Fabricator Hacks . | . . . Repair Station Hacks . | . . . Recycling Unit Hacks . | . . . Scanalyzer . | . . . Garrison Access Hacks . | . . . Unauthorized Hacks . | . . . Terminals . | . . . Fabricators . | . . . Repair Stations . | . . . Recycling Units . | . . . Scanalyzers . | . . . Garrison Access . | . . . Data Cores Recovered . | . . . Used . | . . . Hacking Detections . | . . . Full Trace Events . | . . . Feedback Events . | . . . Feedback Blocked . | . . . Robot Schematics Acquired . | . . . Robots Built . | . . . Authchips . | . . . Time . | . . . Total Robot Build Rating . | . . . Part Schematics Acquired . | . . . Parts Built . | . . . Authchips . | . . . Time . | . . . Total Part Build Rating . | . . . Parts Repaired . | . . . Time . | . . . Parts Recycled . | . . . Recycled Matter . | . . . Retrieved Matter . | . . . Retrieved Components . | . . . Parts Scanalyzed . | . . . Part Schematics Acquired . | . . . Parts Damaged . | . . . Bothacking | -11 -10 -10 ------------ Run | Yrd Mat Min Used RIF Installer . | . . . Robots Hacked . | . . . Non-combat . | . . . Combat . | . . . Robot Hacks Applied . | . . . Relay Couplers Released . | . . . Fabnet Peak Effective % . | . . . Robots Rewired . | . . . Allies Hacked . | . . . Hacks Repelled . | . . . Allies | -11 -10 -10 -------- Run | Yrd Mat Min Total Allies . | . . . Largest Group . | . . . Highest-Rated Group . | . . . Highest-Rated Ally . | . . . Total Orders . | . . . Ally Attacks . | . . . Total Damage . | . . . Kills . | . . . Allies Corrupted . | . . . Allies Melted . | . . . Intel | -11 -10 -10 ------- Run | Yrd Mat Min Robot Analysis Total . | . . . Derelict Logs Recovered 1 | . . 1 Drone Launches . | . . . Drone Recoveries . | . . . Exploration | -11 -10 -10 ------------- Run | Yrd Mat Min Turns Passed 1519 | 106 1258 155 Spaces Moved 807 | 56 636 115 Core 3 | 3 . . Treads 689 | 53 636 . Legs . | . . . Wheels 115 | . . 115 Hover . | . . . Flight . | . . . Fastest Speed 50 | 50 160 90 Average Speed 163 | 154 177 90 Slowest Speed 240 | 160 240 90 Overloaded Moves . | . . . Propulsion Burnouts . | . . . Robots Hopped . | . . . Cave-ins Triggered . | . . . Exploration Rate (%) 37 | 5 73 33 Regions Visited 2 Branch Regions 1 Pre-discovered Areas 1 | . . 1 Known Exits Taken 1 | . 1 . Unknown Exits Taken 1 | 1 . . Scrap Searched . | . . . Spaces Dug . | . . . Terrain Destroyed 18 | . . 18 Melee . | . . . Projectile . | . . . AOE 18 | . . 18 Terrain Rammed . | . . . Walls Destroyed . | . . . Machines Disabled . | . . . Actions | -11 -10 -10 --------- Run | Yrd Mat Min Total 908 | 74 695 139 Wait 1 | . 1 . Move 805 | 55 635 115 Hop . | . . . Pick Up 21 | 12 9 . Fast Attach 1 | . 1 . Attach 13 | 6 4 3 Detach . | . . . Swap 2 | . 2 . Drop 3 | . 3 . Fire 60 | 1 39 20 Melee . | . . . Ram 1 | . . 1 Kick . | . . . Crush 1 | . 1 . Escape Stasis . | . . . Rewire . | . . . Trap . | . . . Miscellaneous . | . . . Route ------- -11/Scrapyard -10/Materials (discovered 4 exits: *Mat x3 / *Min) -10/Mines (discovered 1 exit: *Mat) History --------- Turn | Location | Event 54 | -11/Scrapyard | Discovered new exit (range 16) 107 | -11/Scrapyard | Entered Materials 119 | -10/Materials | Discovered new exit (range 10) 317 | -10/Materials | Build established: Mutant 431 | -10/Materials | Discovered new exit (range 16) 700 | -10/Materials | Discovered new exit (range 7) 713 | -10/Materials | Identified exit to Materials 1015 | -10/Materials | Discovered exit to Materials (range 5) 1360 | -10/Materials | Identified exit to Mines 1365 | -10/Materials | Entered Mines 1367 | -10/Mines | Core integrity fell below 50% 1426 | -10/Mines | Lost 3 parts (1p1n1w) 1467 | -10/Mines | Discovered exit to Materials (range 9) 1484 | -10/Mines | Learned location of Zion (-6) 1497 | -10/Mines | Assembled infested the area 1502 | -10/Mines | Assisted by a Guerilla fighting off Assembled 1519 | -10/Mines | Core integrity fell below 20% 1520 | -10/Mines | Destroyed by D-53 Grenadier with Mini Grenade Launcher Last Messages --------------- as-99081 destroyed. C-30 ARC bursts open, deploying its payload. D-53 Grenadier unfolds itself. as-53057 suffers critical hit (Destroy). as-53057 destroyed. as-71503 destroyed. as-46458 destroyed. as-89210 destroyed. Core Extractor disabled. as-27783 destroyed. The unstable cave ceiling collapses. as-75078 destroyed. K-01 Serf collects debris. NF-OQ7(h) destroyed. Com. Wheel destroyed. Grenade Launcher destroyed. as-60754 destroyed. as-42468 destroyed. as-82019 destroyed. Lgt. Assault Rifle destroyed. Map ----- +----------------------------------------------------+ | ?????????????????????????????????????? | | ???#########????????????????????###??? | | ??## ####???????????????## ##?? | | ### #####???????????# < #?? | | ######?????## #?? | | #???### #?? | | #### ## ### #??## #?? | | ???# ## ##?# #??# #?? | | ???# ### ###??# #### #?? | | ???## ##?## ##????# #?? | | ????#####???####?????### #### #?? | | ?????####??????????????# #??#### ##?? | | #??## ##????????????? #?????# ##??? | | #### #????????????## #?????# #???? | | ## #?????????????# #####?# #???? | | #?????????????# ### #???? | | #???????##????#####r #???? | | #??????## ???????#%#####???? | | ##??????# ????### #???????? | | ###???????# #?### ##??????? | | #####?????????# ## d #??????? | | ###??????????????# #??????? | | #????????????????## ##??????? | | ??????????????????# r d #??????? | | ????????????? ##### ##??????? | | ??????????# t @ #??????? | | ????????????? #### #??????? | | ??????????????????# #??????? | | ??????????????????# #??????? | | ???????????# ## ##??????? | | ??????????? ??# ##???????? | | ????????????? ????## ????????? | | ???????????? ???????# a ????????? | | ????????????????????? # #???????? | | ????????????????????? #???????? | | ???????????????????? ## #???????? | | ????????????????????#?# #???????? | | ??????????????????????# ???????? | | ??????????????????????#### #???????? | | ??????????????????????????# ???????? | | ???????????????????????????#?????????? | | ?????????????????????????????????????? | | ?????????????????????????????????????? | | ?????????????????????????????????????? | | ?????????????????????????????????????? | | ?????????????????????????????????????? | | ?????????????????????????????????????? | | ?????????????????????????????????????? | | ?????????????????????????????????????? | | ?????????????????????????????????????? | +----------------------------------------------------+ Best States ------------- Heat Dissipation 25 Energy Generation 10 Energy Capacity 250 Matter Stores 300 Matter Capacity 300 Sight Range 16 Terrain Scan Density 10 Evasion (%) 42 Recoil Reduction 2 Item Schematics ----------------- None Robot Schematics ------------------ None Fabricated ------------ Nothing Alien Tech Used ----------------- None Achievements -------------- None Challenges ------------ None Game ------ Seed MetafiberShadeTerminator Manual? 0 Play Time 00:14:33 Cumulative 5.4 hours Start 2024.04.01 @ 19:39:37 End 2024.04.01 @ 19:54:58 Sessions 1 Manual Loads 0 Difficulty Rogue Special Mode None Game No. 17 Rogue 17 Adventurer 0 Explorer 0 Win Type - Total 0 Types 0/0/0/0/0/0/0/0/0 Lore% 12 Gallery% 7 Achievement% 7 Wizard Run 0 Options --------- Layout 1 ASCII 0 Keyboard 0 Movement Mouse Keybinds 0 Fullscreen 2 Font 24/Proggy Map View 50x35 Zoom Use 0% Tactical HUD 0 Map Filters NONE Filters NONE Steam 1 RUN: 13b339ad-c762-43d8-a6ab-222bb7bb929a